 Dungeon Crawl Stone Soup version 0.24-a0-520-g8fd06ad0bc (webtiles) character file.

Game seed: 10946609189312001651

630 anything the Covert (level 7, -1/45 HPs)
             Began as an Octopode Assassin on July 23, 2019.
             Slain by a slave (7 damage)
             ... led by Pikel
             ... on level 4 of the Dungeon.
             The game lasted 00:06:24 (4553 turns).

anything the Covert (Octopode Assassin)             Turns: 4553, Time: 00:06:25

Health: -1/45      AC:  1    Str: 10    XL:     7   Next: 48%
Magic:  7/7        EV: 13    Int: 14    God:
Gold:   163        SH:  0    Dex: 15    Spells: 6/6 levels left

rFire    . . .     SeeInvis .   i - +1 dagger (venom)
rCold    . . .     Gourm    .   (no shield)
rNeg     . . .     Faith    .   (helmet restricted)
rPois    .         Spirit   .   (no amulet)
rElec    .         Reflect  .   e - ring of protection from magic
rCorr    .         Harm     .   (no ring)
MR       +....                  (no ring)
Stlth    ++++++....             (no ring)
HPRegen  0.15/turn              (no ring)
MPRegen  0.10/turn              (no ring)
                                (no ring)
                                (no ring)

@: no status effects
A: almost no armour, stealthy swim, amphibious, 8 rings, constrict 8, camouflage
1, gelatinous body 1
a: no special abilities


You were on level 4 of the Dungeon.
You were not hungry.

You visited 1 branch of the dungeon, and saw 4 of its levels.
You also visited: Sewer.

You collected 163 gold pieces.

Inventory:

Hand Weapons
 a - a +2 dagger
 i - a +1 dagger of venom (weapon)
 m - a +2 dagger of freezing
Missiles
 b - 18 poisoned darts (quivered)
 c - 2 curare-tipped darts
Jewellery
 e - a ring of protection from magic (left tentacle)
Scrolls
 j - 5 scrolls of magic mapping
 n - a scroll of identify
 p - a scroll of remove curse
 q - 3 scrolls of teleportation
 u - a scroll of blinking
Potions
 g - 4 potions of might
 h - 6 potions of flight
 k - 4 potions of curing
 l - 2 potions of invisibility
 o - a potion of magic {unknown}
 r - a potion of degeneration {unknown}
 t - a potion of brilliance {unknown}
Comestibles
 d - 8 rations


   Skills:
 - Level 2.0 Fighting
 * Level 3.2 Short Blades
 - Level 2.0 Throwing
 * Level 2.0 Dodging
 + Level 11.3 Stealth


You had 6 spell levels left.
You didn't know any spells.
Your spell library contained the following spells:

 Spells                   Type           Power        Failure   Level  Hunger
 Beastly Appendage        Tmut           #.....       28%         1    ##.....
 Sticks to Snakes         Tmut           #.......     41%         2    ###....
 Spider Form              Tmut/Pois      #.........   65%         3    ####...
 Ice Form                 Ice/Tmut       #.......     96%         4    #####..
 Blade Hands              Tmut           #.........   100%        5    ######.


Dungeon Overview and Level Annotations

Branches:
Dungeon (4/15)
 Temple: D:4-7

Altars:
Qazlal
Ru
The Shining One

Annotations:
D:4 Pikel


Innate Abilities, Weirdness & Mutations

You cannot wear most types of armour.
You are very stealthy in the water. (Stealth+)
You are amphibious.
You can wear up to eight rings at the same time.
You can use your tentacles to constrict eight enemies at once.
Your skin changes colour to match your surroundings (Stealth+).
Your rubbery body absorbs attacks. (AC +1, EV +1)


Message History

You are too injured to fight recklessly!
You are too injured to fight recklessly!
You are too injured to fight recklessly!
You feel much better.
You constrict Pikel. The slave barely misses you.
Pikel hits you with a +0 whip of freezing!
Pikel freezes you. The slave hits you! The slave closely misses you.
You hit Pikel.
Pikel looks as sick as possible!
Pikel is moderately wounded.
You constrict Pikel, but do no damage. The slave closely misses you.
Pikel barely misses you. The slave hits you but does no damage.
The slave closely misses you.
You hit Pikel but do no damage.
Pikel looks as sick as possible!
Pikel is moderately wounded.
You constrict Pikel. The slave hits you!
Pikel hits you with a +0 whip of freezing!
* * * LOW HITPOINT WARNING * * *
Pikel freezes you.
* * * LOW HITPOINT WARNING * * *
The slave hits you!
You die...

#.# #..........#.#.###.
#.# #...†......#.#.# ##
#.# ###..........#.# #
#)# #..........#.# #
#.# #..........#.#
#.###########+##.#.#
#.........# *,*#.#.#***
#......p..###.*#....,,,
#.....@Kl.....*###.****
#.....pp......**,,..,,,
#.............**,*,****
#.............**,*,*
#.........###.**,*,*
#.######### *,**,*,*
#.* ***** *,**,*,* #,*
*,,,****,**,*+****
*,****,*,,,,,,,*,,,,,,,


You could see Pikel, 3 slaves and a leopard gecko.

Vanquished Creatures
  A slave (D:4)
  An ogre (D:4)
  3 big kobolds (Sewer)
  2 orc priests (D:4)
  2 orc wizards
  A worker ant (D:4)
  8 adders
  A river rat (Sewer)
  An ooze (D:3)
  4 worms
  4 dart slugs
  3 leopard geckos
  12 orcs
  3 ball pythons
  4 giant cockroaches
  6 goblins
  3 hobgoblins
  2 jackals (D:3)
  4 bats
  4 frilled lizards
  18 kobolds
  14 rats
101 creatures vanquished.

Notes
Turn   | Place    | Note
-------+----------+-------------------------------------------
     0 | D:1      | anything the Octopode Assassin began the quest for the Orb.
     0 | D:1      | Reached XP level 1. HP: 14/14 MP: 1/1
   140 | D:1      | Reached XP level 2. HP: 17/19 MP: 2/2
   143 | D:1      | Reached skill level 6 in Stealth
  1471 | D:2      | Reached XP level 3. HP: 24/24 MP: 3/3
  1480 | D:2      | Found a stormy altar of Qazlal.
  1578 | D:2      | Reached skill level 7 in Stealth
  1993 | D:2      | Reached XP level 4. HP: 29/29 MP: 4/4
  2065 | D:2      | Found a sacrificial altar of Ru.
  2255 | D:3      | Reached skill level 8 in Stealth
  2757 | D:3      | Reached XP level 5. HP: 32/34 MP: 5/5
  2788 | D:3      | Found a glowing golden altar of the Shining One.
  2958 | D:3      | Reached skill level 9 in Stealth
  3537 | D:4      | Noticed an ogre
  3545 | D:4      | Killed an ogre
  3545 | D:4      | Reached skill level 10 in Stealth
  3545 | D:4      | Reached XP level 6. HP: 39/39 MP: 6/6
  3580 | D:4      | Found a glowing drain.
  3584 | Sewer    | Entered a sewer
  4028 | Sewer    | Reached XP level 7. HP: 40/45 MP: 7/7
  4031 | Sewer    | Reached skill level 11 in Stealth
  4541 | D:4      | Noticed Pikel
  4553 | D:4      | Slain by a slave

Levels and vault maps discovered:
D:1:      dpeg_arrival_houses_and_road, layout_loops_corners
D:2:      layout_basic, overflow_temple_1_default, minivault_11,
          nicolae_ru_path_of_blood
D:3:      minmay_recursive_quarters, layout_basic, grunt_decor_cap, hex_tiny,
          tso_metal_star
D:4:      layout_basic, gup_sewer_entry_bowl, serial_glass, glass_columns_b,
          glass_columns_c, uniq_pikel

Skill      XL: |  1  2  3  4  5  6  7 |
---------------+----------------------+-----
Stealth        | 6 7 8 10 11 | 11.3
Short Blades   | 3 |  3.2
Dodging        | 2 |  2.0
Fighting       | |  2.0
Throwing       | |  2.0

Action                   |  1- 3 |  4- 6 |  7- 9 || total
-------------------------+-------+-------+-------++-------
Melee: Dagger            |    48 |   121 |    38 ||   207
       Constrict         |    10 |    31 |     5 ||    46
       Tentacles         |     6 |    10 |     9 ||    25
  Use: Potion            |       |     2 |     2 ||     4
       Scroll            |       |     7 |     5 ||    12
 Stab: Sleeping          |    16 |    17 |     6 ||    39
  Eat: Chunk             |     2 |     7 |     2 ||    11
Armor: Skin              |     1 |     5 |     4 ||    10
Dodge: Dodged            |    17 |    78 |    27 ||   122

Table legend:
 A = Non-vault XP
 B = Vault XP
 C = Vault XP percentage of total XP
 D = Non-vault monster count
 E = Vault monster count
 F = Vault count percentage of total count
                 A         B        C        D         E       F
            +---------+---------+-------+---------+---------+-------
      Total |     483 |     417 |  46.3 |      68 |      32 |  32.0
            +---------+---------+-------+---------+---------+-------
        D:1 |      33 |       0 |   0.0 |      20 |       0 |   0.0
        D:2 |      53 |       0 |   0.0 |      14 |       0 |   0.0
        D:3 |     117 |      49 |  29.5 |      25 |      12 |  32.4
        D:4 |     280 |       4 |   1.4 |       9 |       3 |  25.0
      Sewer |       0 |     364 | 100.0 |       0 |      17 | 100.0
            +---------+---------+-------+---------+---------+-------
